 Dungeon Crawl Stone Soup version 0.20.1-1-g8b1a95d (console) character file.

1464 vuolankoinen the Covert (level 8, -4/55 HPs)
             Began as an Octopode Wizard on Nov 22, 2017.
             Was a Follower of Sif Muna.
             Killed from afar by Edmund (9 damage)
             ... with a wand of flame (?/48)
             ... on level 6 of the Dungeon.
             The game lasted 00:21:58 (5559 turns).

vuolankoinen the Covert (Octopode Wizard)           Turns: 5559, Time: 00:21:58

Health: -4/55      AC:  1    Str:  6    XL:     8   Next: 77%
Magic:  20/23      EV: 14    Int: 23    God:    Sif Muna [*.....]
Gold:   202        SH:  0    Dex: 10    Spells: 4/15 levels left

rFire    . . .     SeeInvis .   a - +0 dagger (venom)
rCold    + + .     Gourm    .   (no shield)
rNeg     . . .     Faith    .   u - +0 hat
rPois    .         Spirit   .   (no amulet)
rElec    .         Reflect  .   l - ring of protection from cold
rCorr    .         Harm     .   o - ring of magical power
MR       .....                  y - ring of protection from cold
Stlth    ++++++....             I - ring of stealth
Regen    0.2/turn               (no ring)
MPRegen  0.2/turn               (no ring)
                                (no ring)
                                (no ring)

@: very slightly contaminated
A: almost no armour, stealthy swim, amphibious, 8 rings, constrict 8, camouflage
1, gelatinous body 1
a: Divine Energy, Renounce Religion


You were on level 6 of the Dungeon.
You worshipped Sif Muna.
Sif Muna was aware of your devotion.
You were hungry.

You visited 1 branch of the dungeon, and saw 6 of its levels.
You also visited: Sewer.

You collected 202 gold pieces.

Inventory:

Hand Weapons
 a - a +0 dagger of venom (weapon)
 b - a +4 short sword
 h - a +1 dagger of draining
 p - a +3 short sword
Armour
 u - a +0 hat (worn)
Magical Staves
 B - an uncursed staff of fire {unknown}
Jewellery
 l - a ring of protection from cold (left tentacle)
 o - a ring of magical power (right tentacle)
 y - a ring of protection from cold (on tentacle)
 I - a ring of stealth (on tentacle)
Wands
 k - a wand of polymorph (21/24)
Scrolls
 e - 3 scrolls of identify {unknown}
 j - a scroll of enchant weapon {unknown}
 q - 3 scrolls of remove curse
 s - 2 scrolls of recharging
 z - a scroll of fear {unknown}
 E - a scroll of noise {unknown}
 F - 2 scrolls of enchant armour {unknown}
 G - 2 scrolls of amnesia {unknown}
Potions
 g - 2 potions of invisibility {unknown}
 i - 6 potions of curing
 m - 3 potions of agility {unknown}
 n - a potion of berserk rage {unknown}
 r - 3 potions of heal wounds {unknown}
 t - 2 potions of might {unknown}
 v - 2 potions of flight {unknown}
 w - 3 potions of brilliance {unknown}
 x - 2 potions of resistance {unknown}
 H - a potion of lignification {unknown}
Books
 C - a book of Minor Magic

   Spells                             Type                      Level
   a - Magic Dart                     Conjuration                  1
   b - Blink                          Translocation                2
   c - Call Imp                       Summoning                    2
   d - Slow                           Hexes                        2
   e - Conjure Flame                  Conjuration/Fire             3
   f - Mephitic Cloud                 Conjuration/Poison/Air       3
 D - a book of Air

   Spells                             Type                      Level
   a - Shock                          Conjuration/Air              1
   b - Swiftness                      Charms/Air                   2
   c - Static Discharge               Conjuration/Air              3
   d - Airstrike                      Air                          4
   e - Lightning Bolt                 Conjuration/Air              5
Comestibles
 c - 4 bread rations
 d - 3 royal jellies
 f - 4 meat rations
 A - 2 fruits


   Skills:
 * Level 5.1 Fighting
 + Level 3.7 Short Blades
 + Level 3.8 Dodging
 + Level 8.5 Stealth
 + Level 4.4 Spellcasting
 + Level 2.1 Conjurations
 + Level 1.0 Summonings
 + Level 1.1 Translocations
 + Level 1.2 Air Magic
 + Level 1.9 Poison Magic


You had 4 spell levels left.
You knew the following spells:

 Your Spells              Type           Power        Failure   Level  Hunger
a - Magic Dart            Conj           ##..         4%          1    None
b - Blink                 Tloc           N/A          10%         2    None
c - Call Imp              Summ           #.......     10%         2    None
d - Mephitic Cloud        Conj/Pois/Air  ##......     14%         3    ##.....
e - Conjure Flame         Conj/Fire      #.......     19%         3    ##.....


Dungeon Overview and Level Annotations

Branches:
Dungeon (6/15)
 Temple: D:4-7

Altars:
Dithmenos
Elyvilon
Gozag
Hepliaklqana
Okawaru
Sif Muna
Xom

Shops:
D:4 (   D:5 (

Annotations:
D:5 Grinder
D:6 Edmund, Menkaure


Innate Abilities, Weirdness & Mutations

You cannot wear most types of armour.
You are very stealthy in the water. (Stealth+)
You are amphibious.
You can wear up to eight rings at the same time.
You can use your tentacles to constrict eight enemies at once.
Your skin changes colour to match your surroundings (Stealth+).
Your rubbery body absorbs attacks. (AC +1, EV +1)


Message History

Edmund is severely wounded.
You constrict Edmund, but do no damage. You hit Edmund but do no damage.
You squeeze Edmund, but do no damage.
Edmund is severely wounded.
You constrict Edmund, but do no damage. Edmund closely misses you.
You release your grip on Edmund.
Edmund zaps a wand.
The puff of flame hits you!
* * * LOW HITPOINT WARNING * * *
It is a wand of flame (?/48).
There is a stone staircase leading up here.
Casting: Call Imp
Confirm with . or Enter, or press ? or * to list all spells.
Aiming: Mephitic Cloud
Press: ? - help, Shift-Dir - straight line, f - Edmund
Aim: Edmund, wielding a flail of protection, wearing a runed leather armour and carrying a wand of flame (?/48) {zapped: 1} (severely wounded, poisoned)
You miscast Mephitic Cloud.
You are very lightly contaminated with residual magic.
Strange energies run through your body.
Edmund zaps a wand.
The puff of flame hits you!
You die...

###+#
#..!+
#...#
#.@.#
#.<.#
#.@.#
#####


You could see Edmund.

Vanquished Creatures
  Pikel (D:4)
  Eustachio (D:4)
  A slave (D:4)
  2 ogres (D:5)
  3 big kobolds (Sewer)
  A scorpion (D:5)
  A hound (D:4)
  An orc priest (D:4)
  2 jellies (D:5)
  Jessica (D:3)
  An iguana (D:5)
  A worker ant (D:4)
  Natasha (D:4)
  An orc wizard (D:4)
  11 adders
  A shadow imp (D:5)
  7 oozes
  An adder skeleton (D:5)
  2 worms (D:2)
  3 dart slugs (D:2)
  5 leopard geckos
  6 orcs
  7 bats
  5 giant cockroaches
  9 goblins
  6 hobgoblins
  2 jackals (D:1)
  14 kobolds
  2 quokkas
  6 ball pythons
  2 frilled lizards
  A leopard gecko skeleton (D:4)
  10 rats
118 creatures vanquished.

Vanquished Creatures (others)
  A slave (D:4)
  A scorpion (D:4)
  Natasha (twice) (D:4)
  A worker ant (D:4)
  A quokka skeleton (D:4)
6 creatures vanquished.

Grand Total: 124 creatures vanquished

Notes
Turn   | Place    | Note
-------+----------+-------------------------------------------
     0 | D:1      | vuolankoinen the Octopode Wizard began the quest for the Orb.
     0 | D:1      | Reached XP level 1. HP: 11/11 MP: 4/4
   253 | D:1      | Reached XP level 2. HP: 7/18 MP: 0/6
   310 | D:1      | Learned a level 2 spell: Blink
   313 | D:1      | Learned a level 2 spell: Call Imp
   619 | D:1      | Reached skill level 1 in Fighting
  1125 | D:1      | Reached XP level 3. HP: 22/23 MP: 7/7
  1921 | D:2      | Found a deep blue altar of Sif Muna.
  1961 | D:2      | Reached XP level 4. HP: 26/29 MP: 9/9
  1980 | D:2      | Became a worshipper of Sif Muna the Loreminder
  2015 | D:2      | Found an opulent altar of Gozag.
  2020 | D:2      | Reached skill level 3 in Stealth
  2066 | D:2      | Found a hazy altar of Hepliaklqana.
  2261 | D:2      | Learned a level 3 spell: Mephitic Cloud
  2776 | D:3      | Found a shimmering altar of Xom.
  2777 | D:3      | Found a shimmering altar of Xom.
  2777 | D:3      | Found a shimmering altar of Xom.
  2819 | D:3      | Reached XP level 5. HP: 30/35 MP: 10/10
  2959 | D:3      | Noticed Jessica
  2964 | D:3      | Killed Jessica
  2981 | D:3      | Found a glowing drain.
  3000 | D:3      | Learned a level 3 spell: Conjure Flame
  3004 | D:3      | Reached skill level 4 in Stealth
  3023 | Sewer    | Entered a sewer
  3066 | Sewer    | Reached skill level 1 in Short Blades
  3133 | Sewer    | Noticed a big kobold
  3151 | Sewer    | Killed a big kobold
  3151 | Sewer    | Reached XP level 6. HP: 33/42 MP: 11/11
  3224 | Sewer    | Reached skill level 5 in Stealth
  3465 | D:3      | Found a white marble altar of Elyvilon.
  3465 | D:3      | Found a shadowy altar of Dithmenos.
  3678 | D:3      | Found a shimmering altar of Xom.
  3688 | D:3      | Reached XP level 7. HP: 43/46 MP: 13/13
  3919 | D:4      | Noticed Eustachio
  3933 | D:4      | Killed Eustachio
  3933 | D:4      | Reached * piety under Sif Muna
  3933 | D:4      | Reached skill level 6 in Stealth
  4105 | D:4      | Found Karhoss's Weapon Shop.
  4183 | D:4      | Noticed Pikel
  4204 | D:4      | Killed Pikel
  4204 | D:4      | Reached skill level 7 in Stealth
  4204 | D:4      | Reached skill level 1 in Air Magic
  4204 | D:4      | Reached skill level 1 in Poison Magic
  4204 | D:4      | Reached XP level 8. HP: 37/54 MP: 14/14
  4564 | D:4      | Noticed Natasha
  4577 | D:4      | Killed Natasha
  4605 | D:4      | Killed Natasha
  4646 | D:4      | Killed Natasha
  4937 | D:5      | Entered Level 5 of the Dungeon
  4937 | D:5      | Noticed Grinder
  5101 | D:5      | Reached skill level 8 in Stealth
  5205 | D:5      | Found an iron altar of Okawaru.
  5303 | D:5      | Reached skill level 5 in Fighting
  5306 | D:5      | Found Jaqy's Weapon Emporium.
  5342 | D:6      | Noticed Menkaure
  5550 | D:6      | Noticed Edmund
  5559 | D:6      | Killed from afar by Edmund

Skill      XL: |  1  2  3  4  5  6  7  8 |
---------------+-------------------------+-----
Fighting       | 1 2 3 4 5 |  5.1
Stealth        | 3 4 5 7 8 |  8.5
Short Blades   | 2 3 |  3.7
Dodging        | 3 |  3.8
Spellcasting   | 4 |  4.4
Conjurations   | 2 |  2.1
Air Magic      | 1 |  1.2
Poison Magic   | 1 |  1.9
Summonings     | |  1.0
Translocations | |  1.1

Action                   |  1- 3 |  4- 6 |  7- 9 || total
-------------------------+-------+-------+-------++-------
Melee: Unarmed           |    41 |       |       ||    41
       Constrict         |    15 |    29 |    16 ||    60
       Tentacles         |     6 |    24 |    12 ||    42
       Dagger            |    23 |   138 |    83 ||   244
       Short sword       |       |       |     5 ||     5
 Cast: Magic Dart        |    19 |     7 |    10 ||    36
       Mephitic Cloud    |       |     2 |     3 ||     5
       Blink             |       |       |     2 ||     2
       Call Imp          |       |       |     2 ||     2
  Use: Scroll            |       |     3 |       ||     3
       Potion            |       |       |     1 ||     1
 Stab: Sleeping          |     7 |     7 |    11 ||    25
       Confused          |       |     2 |     2 ||     4
  Eat: Chunk             |     3 |     5 |     6 ||    14
Armor: Skin              |     2 |     3 |     2 ||     7
Dodge: Dodged            |    33 |    72 |    41 ||   146
